 Dungeon Crawl Stone Soup version 0.30.1-4-g462c640d31 (webtiles) character file.

Game seed: 9436541123766089665

68709 wingedge the Zephyrmancer (level 14, -4/118 HPs)
             Began as a Demigod Earth Elementalist on Aug 30, 2023.
             Killed by static electricity
             ... invoked by wingedge's ghost
              (5 damage)
             ... on level 1 of the Orcish Mines.
             The game lasted 01:18:57 (25595 turns).

wingedge the Zephyrmancer (DgEE)                   Turns: 25595, Time: 01:18:58

Health: -4/118     AC: 13    Str: 17    XL:     14   Next: 47%
Magic:  0/28       EV: 13    Int: 34    God:
Gold:   1878       SH:  5    Dex: 13    Spells: 6/27 levels left

rFire   . . .        b - +5 broad axe (freeze)
rCold   . . .        d - orb {light}
rNeg    . . .        y - +0 acid dragon scales
rPois   .            K - +2 helmet
rElec   .            (no cloak)
rCorr   +            l - +0 pair of gloves
SInv    .            n - +0 pair of boots
Will    ++...        v - amulet of reflection
Stlth   +            g - +6 ring of intelligence
HPRegen 0.39/turn    B - ring of willpower
MPRegen 0.21/turn

%: reflection
@: very slightly contaminated, glowing, unable to drink
A: high MP 1, forlorn, divine attributes, strong 1, inability to drink after
injury 1
a: no special abilities


You were on level 1 of the Orcish Mines.
You visited 3 branches of the dungeon, and saw 16 of its levels.
You also visited: Bailey and Ice Cave.

You collected 1912 gold pieces.
You spent 34 gold pieces at shops.

Inventory:

Hand Weapons
 b - a +5 broad axe of freezing (weapon)
 R - a +1 short sword of venom
Missiles
 x - 11 curare-tipped darts
 D - 3 throwing nets
Armour
 d - an orb of light (worn)
 l - a +0 pair of gloves (worn)
 n - a +0 pair of boots (worn)
 q - a +0 robe
 y - +0 acid dragon scales (worn)
 z - a +0 kite shield
 K - a +2 helmet (worn)
Magical Staves
 a - the staff of poison "Qaydu" {rPois rF+ Int+3 Dex-3}
   (You found it in a bailey)

   [staff of poison]

   Base accuracy: +5 Base damage: 5 Base attack delay: 1.2 This weapon's minimum
   attack delay (0.6) is reached at skill level 12.
   Int:       It affects your intelligence (+3).
   Dex:       It affects your dexterity (-3).
   rF:        It protects you from fire.
   rPois:     It protects you from poison.
   It falls into the 'Staves' category.
   It is a one-handed weapon.
Jewellery
 f - a ring of flight
 g - a +6 ring of intelligence (left hand)
 o - a ring of fire
 s - a ring of see invisible
 t - a ring of ice
 v - an amulet of reflection (around neck)
 B - a ring of willpower (right hand)
 C - a +4 ring of slaying
 N - a +4 ring of protection
 U - an amulet of regeneration
Wands
 c - a wand of digging (6)
 e - a wand of iceblast (8)
 j - a wand of charming (9)
 p - a wand of polymorph (3)
 M - a wand of flame (41)
 O - a wand of quicksilver (12)
Scrolls
 i - 4 scrolls of vulnerability
 r - a scroll of brand weapon
 u - 3 scrolls of poison
 F - a scroll of fog
 G - a scroll of magic mapping
 J - 2 scrolls of amnesia
 L - a scroll of immolation {unknown}
 T - 6 scrolls of teleportation
 X - 3 scrolls of enchant armour
Potions
 h - a potion of brilliance
 k - a potion of might
 m - a potion of invisibility
 w - 4 potions of mutation
 A - 3 potions of haste
 E - a potion of resistance
 H - 5 potions of lignification
 I - 2 potions of flight
 P - a potion of berserk rage {unknown}
 Q - a potion of ambrosia {unknown}


   Skills:
 + Level 9.1 Fighting
 + Level 4.5 Axes
 + Level 6.4 Armour
 - Level 6.0 Dodging
 - Level 4.0 Stealth
 - Level 7.0 Spellcasting
 - Level 8.0 Conjurations
 - Level 2.0 Translocations
 - Level 4.0 Transmutations
 + Level 10.9 Fire Magic
 + Level 11.5 Air Magic
 + Level 5.0 Earth Magic
 - Level 4.0 Poison Magic
 - Level 2.0 Evocations


You had 6 spell levels left.
You knew the following spells:

 Your Spells              Type           Power      Damage    Failure   Level
b - Stone Arrow           Conj/Erth      100%       3d13      1%          3
c - Blink                 Tloc           50%        N/A       3%          2
d - Arcjolt               Conj/Air       33%        1d43      2%          5
e - Poisonous Vapours     Pois/Air       100%       N/A       1%          2
f - Ignite Poison         Fire/Tmut/Pois 53%        N/A       1%          3
g - Plasma Beam           Fire/Air       36%        2x1d54    7%          6

Your spell library contained the following spells:

 Spells                   Type           Power      Damage    Failure   Level
 Kiss of Death            Conj/Necr      100%       2d13      1%          1
 Sandblast                Erth           92%        2d19      1%          1
 Momentum Strike          Conj/Tloc      90%        3d10      1%          2
 Passwall                 Tmut/Erth      35%        N/A       1%          2
 Mephitic Cloud           Conj/Pois/Air  60%        N/A       1%          3
 Vhi's Electric Charge    Tloc/Air       100%       N/A       1%          3
 Sticky Flame             Conj/Fire      66%        2d8       1%          4
 Hailstorm                Conj/Ice       39%        3d9       2%          3
 Lesser Beckoning         Tloc           50%        N/A       3%          2
 Freeze                   Ice            44%        1d6       4%          1
 Iskenderun's Battlesphe  Conj           60%        2d11      4%          5
 Petrify                  Tmut/Erth      42%        N/A       7%          4
 Freezing Cloud           Conj/Ice/Air   27%        6-21      9%          5
 Silence                  Hex/Air        25%        N/A       12%         5
 Confusing Touch          Hex            11%        N/A       14%         3
 Frozen Ramparts          Ice            22%        1d4       14%         3
 Manifold Assault         Tloc           25%        N/A       21%         4
 Passage of Golubria      Tloc           25%        N/A       21%         4
 Dispel Undead            Necr           11%        3d9       41%         4
 Iron Shot                Conj/Erth      27%        9d6       43%         6
 Statue Form              Tmut/Erth      28%        N/A       73%         6
 Metabolic Englaciation   Hex/Ice        5%         N/A       77%         5
 Dispersal                Tloc           12%        N/A       97%         6
 Ignition                 Fire           36%        3d11      98%         8
 Spellforged Servitor     Conj/Summ      19%        N/A       100%        7
 Disjunction              Tloc           12%        N/A       100%        8
 Lehudib's Crystal Spear  Conj/Erth      27%        10d7      100%        8


Dungeon Overview and Level Annotations

Branches:
Dungeon (10/15)            Temple (0/1) D:7            Lair (5/5) D:8
 Shoals (0/4) Lair:2       Spider (0/4) Lair:3        Slime (0/5) Lair:4
    Orc (1/2) D:10         Bailey (visited)           IceCv (visited)

Shops:
D:4 *

Annotations:
Orc:1 1 transporter, wingedge's ghost, journeyman DgAE


Innate Abilities, Weirdness & Mutations

You have an increased reservoir of magic. (+10% MP)
You shall have no god before yourself.
Your divine heritage dramatically boosts your attributes as you level up.
Your muscles are strong. (Str +4, Int/Dex -1)
You occasionally lose the ability to drink potions when taking damage.


Message History

The air twists around and strikes you!
You cannot drink potions in your current state!
Okay, then.
You cannot drink potions in your current state!
Okay, then.
Aiming: Quicksilver Bolt
Press: ? - help, Shift-Dir - straight line, f - wingedge's ghost
Aim: wingedge's ghost, wielding a weapon of electrocution (almost destroyed, haloed, 71% to hit)
The bolt of dispelling energy hits wingedge's ghost.
Wingedge's ghost is almost destroyed.
The bolt of dispelling energy hits the battlesphere!!
The battlesphere is almost destroyed.
The orc warrior hits you but does no damage.
Wingedge's ghost hits you but does no damage.
You are electrocuted!
* * * LOW HITPOINT WARNING * * *
Aiming: Quicksilver Bolt
Press: ? - help, Shift-Dir - straight line, f/p - wingedge's ghost
Aim: wingedge's ghost, wielding a weapon of electrocution (almost destroyed, haloed, 71% to hit)
The bolt of dispelling energy misses wingedge's ghost.
You block the orc warrior's attack.
Wingedge's ghost hits you but does no damage.
You are electrocuted!
* * * LOW HITPOINT WARNING * * *
Casting: Arcjolt (dangerous; 2% risk of failure)
Confirm with . or Enter, or press ? or * to list all spells.
Electricity surges outward!
The orc warrior is struck by an electric surge!!
You kill the orc warrior!
Wingedge's ghost is struck by an electric surge.
Wingedge's ghost is almost destroyed.
Wingedge's ghost gestures wildly while chanting.
You are struck by an arc of lightning.
* * * LOW HITPOINT WARNING * * *
Wingedge's ghost is struck by an arc of lightning.
You are struck by an arc of lightning.
* * * LOW HITPOINT WARNING * * *
Wingedge's ghost is struck by an arc of lightning.
You are struck by an arc of lightning.
You die...

##........#.#.#...).))))..
##...............))......
##.................)......
#.......©.......#.........
#...#########.............
#..##8.*...8##............
#..#...)))$..#............
#..#.#...W)#.#............
#..#..#.[@#.*#............
#..#....©....#.......[)...
#..#..#...#..#......).....
#..#.#.....#.#..#)#.......
#..#........©#..##.......)
#..##8)}...8##........#...
#...#########.........##..
##.......©........#....###.
##.#.............#####...###


You could see a battlesphere and wingedge's ghost.

Vanquished Creatures
  A balrug (Orc:1)
  3 hydras
  Harold (D:10)
  6 catoblepae
  A boulder beetle (Lair:1)
  3 two-headed ogres
  Erica (Lair:2)
  Sonja (Orc:1)
  20 death yaks
  4 skysharks
  A lindwurm (Lair:2)
  An orc knight (Orc:1)
  A harpy (Lair:2)
  An ugly thing (IceCv)
  2 manticores (Lair:5)
  A cyclops (D:8)
  16 elephants
  5 black mambas
  An ice statue (IceCv)
  A torpor snail (Lair:2)
  17 cane toads
  7 rime drakes
  Maggie (D:8)
  9 komodo dragons
  2 polar bears
  4 trolls
  23 blink frogs
  18 dream sheep
  A slime creature (Lair:4)
  2 culicivoras (Lair:3)
  Sigmund (D:6)
  2 wyverns
  30 yaks
  A shadow (D:10)
  2 basilisks (Lair:5)
  A wraith (D:10)
  3 steam dragons
  2 wargs (Orc:1)
  An acid dragon (D:9)
  13 water moccasins
  5 ice beasts
  2 black bears
  21 orc warriors
  6 ogres
  11 wolves
  13 centaurs
  11 bullfrogs
  2 kobold brigands
  2 scorpions
  3 wights (D:7)
  6 killer bees (D:9)
  An elephant simulacrum (IceCv)
  A howler monkey (D:10)
  13 orc priests
  A gnoll bouda (D:8)
  4 hounds
  6 jellies
  A sleepcap (D:4)
  2 iguanas (D:6)
  Ijyb (D:5)
  14 orc wizards
  2 wolf simulacra (IceCv)
  Robin (D:4)
  14 gnolls
  13 adders
  2 white imps
  71 orcs
  8 bats
  13 endoplasms
  4 giant cockroaches
  18 goblins
  16 hobgoblins
  3 jackals (D:5)
  3 quokkas
  4 ball pythons
  6 frilled lizards
  23 kobolds
  4 rats (D:2)
542 creatures vanquished.

Vanquished Creatures (others)
  An ugly thing (IceCv)
  3 orcs (D:10)
4 creatures vanquished.

Grand Total: 546 creatures vanquished

Notes
Turn   | Place    | Note
-------+----------+-------------------------------------------
     0 | D:1      | wingedge the Demigod Earth Elementalist began the quest for
                  | the Orb.
     0 | D:1      | Reached XP level 1. HP: 14/14 MP: 5/5
   269 | D:1      | Reached XP level 2. HP: 20/20 MP: 5/7
   917 | D:2      | Reached skill level 1 in Fighting
   917 | D:2      | Reached skill level 1 in Conjurations
   959 | D:2      | Reached XP level 3. HP: 28/28 MP: 5/8
   963 | D:2      | Learned a level 3 spell: Stone Arrow
  1618 | D:2      | Reached XP level 4. HP: 35/35 MP: 5/9
  2818 | D:4      | Noticed an ogre
  2820 | D:4      | Killed an ogre
  2821 | D:4      | Reached XP level 5. HP: 41/41 MP: 2/10
  3020 | D:4      | Found Vuusm's Assorted Antiques.
  3028 | D:4      | Bought a scroll labelled KOMUDW NOERGHE for 18 gold pieces
  3028 | D:4      | Bought a murky pink potion for 16 gold pieces
  3339 | D:4      | Reached XP level 6. HP: 48/48 MP: 6/11
  3343 | D:4      | Noticed Robin
  3385 | D:4      | Killed Robin
  3989 | D:5      | Entered Level 5 of the Dungeon
  4343 | D:5      | Noticed a water moccasin
  4346 | D:5      | Killed a water moccasin
  4447 | D:5      | Learned a level 2 spell: Blink
  4455 | D:5      | Reached XP level 7. HP: 57/57 MP: 2/15
  4594 | D:5      | Noticed Ijyb
  4603 | D:5      | Killed Ijyb
  5074 | D:6      | Noticed Sigmund
  5077 | D:6      | Killed Sigmund
  5078 | D:6      | Reached skill level 1 in Translocations
  5078 | D:6      | Reached skill level 1 in Air Magic
  5317 | D:6      | Reached skill level 2 in Air Magic
  5496 | D:6      | Reached skill level 3 in Air Magic
  5658 | D:6      | Reached XP level 8. HP: 66/66 MP: 6/17
  5682 | D:6      | Reached skill level 4 in Air Magic
  5800 | D:6      | Learned a level 5 spell: Arcjolt
  6791 | D:7      | Found a staircase to the Ecumenical Temple.
  6965 | D:7      | Reached skill level 5 in Fighting
  7477 | D:8      | Reached skill level 5 in Air Magic
  7541 | D:8      | Noticed a rime drake
  7550 | D:8      | Reached skill level 5 in Spellcasting
  7550 | D:8      | Reached skill level 5 in Conjurations
  7550 | D:8      | Reached XP level 9. HP: 74/74 MP: 10/20
  7641 | D:8      | Killed a rime drake
  7642 | D:8      | Reached skill level 1 in Fire Magic
  8052 | D:8      | Noticed Maggie
  8166 | D:8      | Killed Maggie
  8438 | D:8      | Found a staircase to the Lair.
  8473 | D:8      | Reached skill level 6 in Air Magic
  8619 | D:8      | Noticed a cyclops
  8622 | D:8      | Killed a cyclops
  8623 | D:8      | Reached skill level 1 in Evocations
  8987 | D:8      | Noticed a two-headed ogre
  8990 | D:8      | Killed a two-headed ogre
  8991 | D:8      | Reached XP level 10. HP: 81/81 MP: 12/22
  9576 | D:8      | Reached skill level 7 in Air Magic
  9916 | D:9      | Found a flagged portal.
  9921 | Bailey   | Entered a bailey
 10351 | Bailey   | Reached skill level 5 in Fire Magic
 11057 | Bailey   | Reached skill level 1 in Armour
 11401 | Bailey   | Identified the staff of poison "Qaydu" {rPois rF+ Int+3
                  | Dex-3}
 11984 | D:9      | Noticed a two-headed ogre
 11987 | D:9      | Killed a two-headed ogre
 11988 | D:9      | Reached skill level 1 in Axes
 12310 | D:10     | Entered Level 10 of the Dungeon
 12456 | D:10     | Noticed a two-headed ogre
 12464 | D:10     | Killed a two-headed ogre
 12465 | D:10     | Reached XP level 11. HP: 88/88 MP: 14/24
 12651 | D:10     | Found a staircase to the Orcish Mines.
 12925 | D:10     | Noticed Harold
 12933 | D:10     | Killed Harold
 13076 | D:9      | Learned a level 2 spell: Poisonous Vapours
 13080 | D:9      | Learned a level 3 spell: Ignite Poison
 13150 | D:10     | Reached skill level 1 in Transmutations
 13389 | Lair:1   | Entered Level 1 of the Lair of Beasts
 13537 | Lair:1   | Reached skill level 1 in Poison Magic
 14048 | Lair:1   | Noticed a boulder beetle
 14052 | Lair:1   | Killed a boulder beetle
 14745 | Lair:2   | Reached skill level 8 in Air Magic
 14874 | Lair:2   | Noticed Erica
 14877 | Lair:2   | Noticed a harpy
 15078 | Lair:2   | Learned a level 6 spell: Plasma Beam
 15168 | Lair:2   | Reached XP level 12. HP: 97/97 MP: 15/26
 15566 | Lair:2   | Found a staircase to the Shoals.
 15603 | Lair:2   | Killed Erica
 17087 | Lair:3   | Noticed a catoblepas
 17201 | Lair:3   | Reached skill level 9 in Air Magic
 17382 | Lair:3   | Killed a catoblepas
 17402 | Lair:3   | Found a frozen archway.
 17409 | IceCv    | Entered an ice cave
 17643 | IceCv    | Found a transporter.
 17651 | IceCv    | Found a transporter.
 17658 | IceCv    | Reached XP level 13. HP: 25/106 MP: 17/27
 17667 | IceCv    | Gained mutation: Your muscles are strong. (Str +4, Int/Dex
                  | -1) [potion of mutation]
 17667 | IceCv    | Gained mutation: You occasionally lose the ability to drink
                  | potions when taking damage. [potion of mutation]
 17667 | IceCv    | HP: 5/159 [ice statue/bolt of cold (6)]
 17695 | Lair:3   | HP: 3/106 [rime drake/icy flash freeze (10)]
 18635 | Lair:3   | Reached skill level 5 in Armour
 19131 | Lair:3   | Found a hole to the Spider Nest.
 19538 | Lair:4   | You fall into a shaft and drop 1 floor!
 19538 | Lair:5   | Entered Level 5 of the Lair of Beasts
 19600 | Lair:5   | Reached skill level 10 in Air Magic
 19630 | Lair:5   | Reached skill level 5 in Dodging
 20282 | Lair:4   | Found a staircase to the Slime Pits.
 21653 | Lair:5   | Reached skill level 10 in Fire Magic
 22388 | Lair:5   | Reached XP level 14. HP: 116/116 MP: 10/28
 23079 | Lair:5   | Reached skill level 11 in Air Magic
 23967 | Lair:5   | Identified the +10 great mace of the Hammering Gods {drain,
                  | rPois Str+3}
 24183 | Orc:1    | Entered Level 1 of the Orcish Mines
 24198 | Orc:1    | Noticed wingedge's ghost (journeyman DgAE)
 24200 | Orc:1    | Found a transporter.
 24204 | Orc:1    | Noticed Sonja
 24434 | Orc:1    | Found a runed translucent door.
 24436 | Orc:1    | Noticed a balrug
 24445 | Orc:1    | Killed a balrug
 24843 | Orc:1    | Killed Sonja
 24844 | Orc:1    | Reached skill level 5 in Earth Magic
 25157 | Orc:1    | Found a transporter.
 25594 | Orc:1    | HP: 5/118 [wingedge's ghost (17)]
 25595 | Orc:1    | HP: 1/118 [wingedge's ghost/static electricity (3)]
 25595 | Orc:1    | Killed from afar by wingedge's ghost

Illustrated notes

Levels and vault maps discovered:
D:1:      lightli_arrival_statue_moat, layout_basic,
          chequers_ecumenical_altar_simple, serial_curves, eino_curves_01,
          eino_curves_03
D:2:      minmay_chambers_of_twos, layout_rooms, basic_altar,
          hangedman_decor_diamond_cutter
D:3:      layout_loops_ring, mainiacjoe_overflow_alcove_2
D:4:      layout_gridville, serial_shops, shop, minmay_stone_trees_large,
          st_stairs_11, minmay_ruptured, uniq_robin
D:5:      nicolae_cairo_tiling_very_big, layout_rooms, nicolae_ru_path_of_blood,
          lemuel_tele_altar, nicolae_goblin_pals
D:6:      layout_cave_pools, mainiacjoe_overflow_catwalk,
          nicolae_gozag_seed_capital, chequers_garden, uniq_sigmund
D:7:      layout_basic, old_standard_altar, grunt_temple_overflow_open,
          minmay_temple_entry_poolview, grunt_decor_resistance
D:8:      layout_rooms, hellmonk_lair_entry_icy, serial_corexii_hall,
          corexii_hall_statues_x, corexii_hall_statues_i,
          corexii_hall_statues_t, chequers_hall_statues_wall_a, nrook_campfire,
          interstate_on_off, kennysheep_generic_room_11, uniq_maggie
D:9:      layout_irregular_city, enter_bailey_2
D:10:     layout_big_octagon, minmay_orc_entry_temple_small, minmay_door_square,
          uniq_harold
Lair:1:   layout_cave_pods, serial_bayou_lagoon_a, infiniplex_staircase_pool,
          grunt_megastairs_5
Lair:2:   layout_hall_layers, nicolae_shoals_entry_roost, beast_lair_carwin_6,
          uniq_erica
Lair:3:   layout_hall_layers, hellmonk_spider_entry_life_and_decay,
          portal_ice_cave_rime, lemuel_fruit_tree
Lair:4:   layout_loops_ring, minmay_slime_entry_pillars, serial_bayou_shore_b
Lair:5:   evilmike_catoblepas_cave, layout_regular_city, minivault_11
Orc:1:    dreamdust_dug_too_deep, layout_caves, gammafunk_ghost_arena,
          uniq_sonja

Skill      XL: |  1  2  3  4  5  6  7  8  9 10 11 12 13 14 |
---------------+-------------------------------------------+-----
Spellcasting   | 2 3 4 5 6 7 |  7.0
Earth Magic    | 3 4 5 |  5.0
Fighting       | 1 2 3 4 5 6 7 8 9 |  9.1
Conjurations   | 1 2 3 4 5 6 7 8 |  8.0
Translocations | 2 |  2.0
Air Magic      | 3 5 6 7 8 9 10 11 | 11.5
Dodging        | 2 4 5 6 |  6.0
Stealth        | 3 4 |  4.0
Fire Magic     | 3 6 7 8 10 | 10.9
Evocations     | 1 2 |  2.0
Armour         | 2 3 4 6 |  6.4
Axes           | 1 2 3 4 |  4.5
Transmutations | 3 4 |  4.0
Poison Magic   | 2 4 |  4.0

Action                     |  1- 3 |  4- 6 |  7- 9 | 10-12 | 13-15 || total
---------------------------+-------+-------+-------+-------+-------++-------
  Melee: Spear             |     1 |       |       |       |       ||     1
         Morningstar       |       |       |     9 |       |       ||     9
         Short sword       |       |       |     1 |       |       ||     1
         Broad axe         |       |       |       |    28 |    30 ||    58
         Staff             |       |       |       |     2 |       ||     2
  Throw: Dart              |       |       |     2 |     6 |     1 ||     9
   Cast: Sandblast         |    59 |    79 |    53 |     6 |       ||   197
         Stone Arrow       |       |    14 |   112 |   124 |    13 ||   263
         Arcjolt           |       |       |     3 |    46 |    31 ||    80
         Poisonous Vapours |       |       |       |    60 |    77 ||   137
         Ignite Poison     |       |       |       |    47 |    46 ||    93
         Blink             |       |       |       |     2 |       ||     2
         Plasma Beam       |       |       |       |     7 |    71 ||    78
  Evoke: Wand              |       |       |     3 |     1 |     5 ||     9
    Use: Scroll            |       |     9 |     2 |    12 |     9 ||    32
         Potion            |       |       |     5 |     4 |     7 ||    16
   Stab: Petrified         |       |       |       |     2 |       ||     2
 Armour: Robe              |     3 |     7 |    19 |       |       ||    29
         Acid dragon scale |       |       |     2 |    61 |    42 ||   105
         Skin              |       |       |       |       |    14 ||    14
  Dodge: Dodged            |    11 |    14 |    49 |    98 |    45 ||   217
  Block: Other             |       |     4 |    14 |       |       ||    18
         Reflection        |       |     2 |     3 |     1 |       ||     6
         Orb               |       |       |       |    48 |    22 ||    70
